 Dungeon Crawl Stone Soup version 0.30.0-5-g1a98f26d00 (webtiles) character file.

Game seed: 16937120375084026988

43502 Jackthecabe the Marksmeteoran (level 15, -21/119 (126) HPs)
             Began as a Meteoran Earth Elementalist on May 10, 2023.
             Was a High Priest of Sif Muna.
             Killed from afar by a necromancer (39 damage)
             ... with a bolt of negative energy
             ... on level 5 of the Lair of Beasts.
             The game lasted 00:57:10 (6697 turns).

Jackthecabe the Marksmeteoran (MeEE)                Turns: 6697, Time: 00:57:14

HP:   -21/119 (126) AC: 11    Str: 11    XL:     15   Next: 3%
MP:   2/43          EV: 15    Int: 35    God:    Sif Muna [*****.]
Gold: 843           SH:  0    Dex: 15    Spells: 13/26 levels left

rFire   + . .        x - +0 hand crossbow (freeze)
rCold   + . .        (no shield)
rNeg    . . .        K - +0 troll leather armour
rPois   .            (no helmet)
rElec   .            m - +2 cloak
rCorr   .            P - +0 pair of gloves "Jerin" {rF+ rC+ MP+9}
SInv    .            M - +0 pair of boots
Will    +....        (no amulet)
Stlth   +            I - +6 ring of intelligence
HPRegen 1.19/turn    j - ring of Eleryq {MP+9 Int+5 Slay+2}
MPRegen 0.28/turn

%: no passive effects
@: about to teleport, glowing, drained
A: sense surroundings 2, otherworldly, glowing, explore regen
a: Renounce Religion, Channel Magic, Forget Spell, Divine Exegesis


You were on level 5 of the Lair of Beasts.
You worshipped Sif Muna.
Sif Muna was extremely pleased with you.
You visited 3 branches of the dungeon, and saw 17 of its levels.
You also visited: Sewer and Ice Cave.

You collected 967 gold pieces.
You spent 124 gold pieces at shops.


Innate Abilities, Weirdness & Mutations

You passively map the area around you.
You are easily found by Zot.
You glow in the dark.
You regain HP and MP as you explore.


   Skills:
 - Level 10.0 Fighting
 - Level 18.0 Ranged Weapons
 + Level 7.9 Armour
 + Level 8.4 Dodging
 - Level 1.4 Stealth
 - Level 6.0 Spellcasting
 - Level 8.0 Conjurations
 - Level 4.0 Translocations
 - Level 1.2 Transmutations
 - Level 6.0 Earth Magic
 - Level 10.0 Invocations


You had 13 spell levels left.
You knew the following spells:

 Your Spells              Type           Power      Damage    Failure   Level
a - Apportation           Tloc           76%        N/A       1%          1
e - Passwall              Tmut/Erth      29%        N/A       1%          2
f - Inner Flame           Hex/Fire       10%        N/A       14%         3
o - Portal Projectile     Hex/Tloc       48%        N/A       6%          3
w - Stone Arrow           Conj/Erth      100%       3d13      1%          3
z - Sandblast             Erth           100%       2d20      1%          1

Your spell library contained the following spells:

 Spells                   Type           Power      Damage    Failure   Level
 Foxfire                  Conj/Fire      100%       2x1d9     1%          1
 Dazzling Flash           Conj/Hex       76%        N/A       2%          3
 Necrotise                Necr           40%        1d6       4%          1
 Summon Small Mammal      Summ           40%        N/A       4%          1
 Vhi's Electric Charge    Tloc/Air       48%        N/A       6%          3
 Ensorcelled Hibernation  Hex/Ice        20%        N/A       7%          2
 Sublimation of Blood     Necr           10%        N/A       7%          2
 Petrify                  Tmut/Erth      35%        N/A       11%         4
 Tukima's Dance           Hex            10%        N/A       14%         3
 Irradiate                Conj/Tmut      21%        3d18      21%         5
 Fireball                 Conj/Fire      19%        3d9       26%         5
 Anguish                  Hex/Necr       5%         N/A       43%         4
 Cause Fear               Hex            5%         N/A       43%         4
 Summon Lightning Spire   Summ/Air       10%        N/A       43%         4
 Blade Hands              Tmut           9%         N/A       63%         5
 Starburst                Conj/Fire      19%        6d7       80%         6
 Plasma Beam              Fire/Air       5%         2x1d17    100%        6
 Enfeeble                 Hex            5%         N/A       100%        7

Inventory:

Hand Weapons
 x - a +0 hand crossbow of freezing (weapon)
Missiles
 c - 16 poisoned darts
 B - 13 curare-tipped darts {=f}
Armour
 h - a +1 robe of cold resistance
 m - a +2 cloak (worn)
 A - a +0 buckler
 K - a +0 troll leather armour (worn)
 M - a +0 pair of boots (worn)
 P - the +0 pair of gloves "Jerin" (worn) {rF+ rC+ MP+9}
   (You found it on level 10 of the Dungeon)

   rF:        It protects you from fire.
   rC:        It protects you from cold.
   MP:        It affects your magic capacity (+9).
Magical Staves
 N - a staff of cold {!a}
 V - a staff of fire {!a}
Jewellery
 i - a +6 ring of intelligence
 j - the ring of Eleryq (right hand) {MP+9 Int+5 Slay+2}
   (You found it on level 2 of the Dungeon)

   [ring of magical power]

   Int:       It affects your intelligence (+5).
   Slay:      It affects your accuracy & damage with ranged weapons and melee
   (+2).
   MP:        It affects your magic capacity (+9).
 C - a ring of ice
 I - a +6 ring of intelligence (left hand)
 L - a ring of flight
 R - a ring of resist corrosion
Wands
 z - a wand of iceblast (9)
 E - a wand of polymorph (7)
 S - a wand of charming (5)
 U - a wand of flame (14)
Scrolls
 e - 4 scrolls of teleportation {@r2}
 p - a scroll of blinking
 q - 3 scrolls of amnesia
 u - 3 scrolls of poison
 y - 2 scrolls of fog
 G - 2 scrolls of fear {unknown}
 H - 4 scrolls of vulnerability {unknown}
 J - a scroll of magic mapping {unknown}
 Q - a scroll of enchant armour
Potions
 b - a potion of magic
 d - 5 potions of flight
 f - 2 potions of might {unknown}
 g - 2 potions of haste {unknown}
 k - 3 potions of attraction {unknown}
 l - 5 potions of mutation
 o - a potion of invisibility {unknown}
 r - a potion of lignification
 F - 2 potions of brilliance {unknown}
Miscellaneous
 O - a condenser vane

Dungeon Overview and Level Annotations

Branches:
Dungeon (11/15) Zot: 2304  Temple (1/1) D:7 Zot: 581    Lair (5/5) D:9 Zot: 887
 Spider (0/4) Lair:3        Slime (0/5) Lair:4          Orc (0/2) D:10
  Sewer (visited)           IceCv (visited)
  Swamp: Lair:2-3    Shoals: Lair:2-3

Altars:
Cheibriados
Dithmenos
Elyvilon
Nemelex Xobeh
Sif Muna
Uskayaw
Wu Jian
Yredelemnul
Jiyva

Shops:
D:1 :   D:4 : D:5

[(
#......###.......................
####...#.#.......................
.###.............................
..†.........♣....................
▒▒▒▒▒'''▒▒▒▒▒▒▒▒♣......P** * ,,
...............▒▒▒....♣▒▒▒▒▒▒▒▒,
▒▒▒▒8.⌠.8▒▒▒▒▒..Z▒▒#♣♣▒▒.....8▒
▒▒8.8▒▒▒.Y▒▒▒Y▒▒▒▒ ▒......▒ ~ ,
▒▒▒▒▒▒8....▒@p.)▒▒▒▒.....8▒*
~▒8.Yp8▒.....▒▒▒▒....▒'▒▒▒▒▒▒
≈'...$$▒:....▒..▒▒▒▒...▒▒♣ ,
≈~'...?|▒8....'..Y..▒.▒...##♣ ,
~▒▒8...8▒▒...▒▒.Z.......8..8♣ *
▒▒ *▒▒▒▒▒▒▒♣#▒...♣♣ ♣▒8♣♣, *
▒▒▒** *


You could see an elephant (soul bound), a necromancer and an elephant
simulacrum.


Message History

You hold your ground!
The elephant closely misses you. The elephant tramples you!
* * * LOW HITPOINT WARNING * * *
You hold your ground!
The elephant trunk-slaps you but does no damage.
Unknown command.
Casting: Stone Arrow (safe; 1% risk of failure)
Confirm with . or Enter, or press ? or * to list all spells.
Aiming: Stone Arrow (safe; 1% risk of failure)
Press: ? - help, Shift-Dir - straight line, f/p - elephant
Aim: an elephant (moderately wounded, soul bound, 100% to hit)
The stone arrow hits the elephant!
You kill the elephant!
Sif Muna accepts your kill.
You see here Vakhai's Compendium of the Assembled Plateau {god gift}.
Sif Muna grants you a gift! The elephant tramples you.
* * * LOW HITPOINT WARNING * * *
You hold your ground!
The elephant trunk-slaps you but does no damage.
Unknown command.
Unknown command.
Fire: x) +0 hand crossbow (freeze)
Press: ? - help, Shift-Dir - straight line, f/p - elephant
Aim: an elephant (moderately wounded, soul bound, 92% to hit)
You shoot a bolt.
The bolt completely misses the necromancer.
The necromancer casts a spell at you. The bolt of negative energy hits you!!!
You feel drained.
You die...

Skill      XL: |  1  2  3  4  5  6  7  8  9 10 11 12 13 14 |
---------------+-------------------------------------------+-----
Spellcasting   | 3 6 |  6.0
Earth Magic    | 5 6 |  6.0
Conjurations   | 1 2 3 7 8 |  8.0
Fighting       | 6 8 10 | 10.0
Ranged Weapons | 4 8 12 15 16 18 | 18.0
Invocations    | 3 7 10 | 10.0
Armour         | 4 7 |  7.9
Dodging        | 5 8 |  8.4
Translocations | 4 |  4.0
Stealth        | |  1.4
Transmutations | |  1.2

Action                     |  1- 3 |  4- 6 |  7- 9 | 10-12 | 13-15 || total
---------------------------+-------+-------+-------+-------+-------++-------
  Melee: Dagger            |       |     1 |       |       |       ||     1
         Whip              |       |       |     7 |       |       ||     7
   Fire: Hand crossbow     |       |       |     6 |   199 |   299 ||   504
  Throw: Dart              |       |       |       |       |     3 ||     3
   Cast: Sandblast         |    20 |    36 |    21 |     1 |       ||    78
         Stone Arrow       |     4 |     8 |    81 |   223 |   233 ||   549
         Passwall          |       |       |       |    13 |     2 ||    15
         Apportation       |       |       |       |    11 |    18 ||    29
         Inner Flame       |       |       |       |       |     4 ||     4
         Portal Projectile |       |       |       |       |     2 ||     2
  Evoke: Condenser vane    |       |       |       |       |     1 ||     1
    Use: Scroll            |       |       |       |    10 |     7 ||    17
         Potion            |       |       |       |       |     6 ||     6
 Armour: Robe              |     2 |       |    17 |    53 |   101 ||   173
         Troll leather arm |       |       |       |       |    22 ||    22
  Dodge: Dodged            |     6 |     7 |    33 |   131 |   215 ||   392

Levels and vault maps discovered:
D:1:      tarquinn_simple_flora_water_d, layout_loops_ring, serial_shops, shop,
          chequers_serial_rivers_marsh, minmay_split_cup_small
D:2:      layout_loops_ring, bh_walls_and_bars, uniq_jessica, uniq_terence
D:3:      layout_loops_ring, portal_sewer_entry_b, minmay_misc_feat_columns
D:4:      layout_rooms, serial_shops, nicolae_shop_crystal, st_stairs_6,
          uniq_pikel, uniq_blork_the_orc
D:5:      layout_layer_cave, bloody_trog, serial_shops,
          nicolae_shop_overgrown_old_shop, doesnt_shop_hydraphobe, uniq_sigmund
D:6:      lemuel_insect_pit, layout_basic
D:7:      layout_gridville, mainiacjoe_overflow_divided_tiny,
          minmay_temple_entry_waves, nrook_mini_vaults,
          eino_small_chamber_without_monster, uniq_maggie
D:8:      layout_basic, slow_altar_2, minmay_misc_feat_tiny, uniq_maurice
D:9:      layout_loops_ring, mainiacjoe_overflow_alcove_2,
          minmay_lair_entry_grove, serial_ice, serial_ice_i, serial_ice_a,
          serial_ice_n, serial_ice_b, serial_bayou_pond_e
D:10:     layout_long_grid, kennysheep_little_box, hiddenorc2_lemuel,
          minivault_25, minmay_holes, dk_noncrumbling_4, nooodl_orcs_dogs
D:11:     layout_gridville, serial_co_window_serial, co_window_of_opportunity_a,
          co_window_of_opportunity_a, co_window_corner_a, co_window_paths_a,
          co_window_of_opportunity_a, co_window_paths_a, co_window_cross_1,
          co_window_paths_a, co_window_paths_a, co_window_cross_2,
          co_window_unsneaky_path_c, co_window_of_opportunity_b,
          co_window_4corner_b, glass_columns_b, glass_columns_c
Temple:   nicolae_temple_superstar
Lair:1:   layout_regular_city, gammafunk_lair_bear_cave, uniq_urug
Lair:2:   regret_index_wax_grids, layout_cave_pods,
          nicolae_shoals_entry_flooding, nicolae_lair_liquid_snakes
Lair:3:   layout_regular_city, hellmonk_spider_entry_life_and_decay,
          dreamdust_deal_with_the_devil, infiniplex_staircase_pool_2,
          lemuel_fruit_fields
Lair:4:   layout_gridlike, minmay_slime_entry_pillars,
          portal_ice_cave_entry_animals_and_master, lemuel_altar_in_water2,
          beast_lair_carwin_5, grunt_megastairs_1, serial_bayou_shore_a,
          lemuel_fruit_tree
Lair:5:   due_jungle_book, layout_cave_pods, nicolae_quartered_pool_little,
          uniq_sonja

Notes
Turn   | Place    | Note
-------+----------+-------------------------------------------
     0 | D:1      | Jackthecabe the Meteoran Earth Elementalist began the quest
                  | for the Orb.
     0 | D:1      | Reached XP level 1. HP: 14/14 MP: 5/5
    75 | D:1      | Found Yqiqod's Book Shop.
   208 | D:1      | Reached skill level 3 in Spellcasting
   208 | D:1      | Reached XP level 2. HP: 18/20 MP: 4/7
   209 | D:1      | Reached skill level 4 in Earth Magic
   224 | D:2      | Noticed Jessica
   226 | D:2      | Killed Jessica
   227 | D:2      | Reached skill level 5 in Earth Magic
   227 | D:2      | Reached XP level 3. HP: 26/26 MP: 2/8
   235 | D:2      | Learned a level 3 spell: Stone Arrow
   285 | D:2      | Identified the ring of Eleryq {MP+9 Int+5 Slay+2}
   290 | D:2      | Noticed Terence
   319 | D:2      | Killed Terence
   320 | D:2      | Reached skill level 1 in Conjurations
   320 | D:2      | Reached XP level 4. HP: 16/33 MP: 9/9
   554 | D:3      | Reached skill level 2 in Conjurations
   554 | D:3      | Reached XP level 5. HP: 38/38 MP: 10/10
   559 | D:3      | Found a glowing drain.
   568 | Sewer    | Entered a sewer
   686 | Sewer    | Reached skill level 6 in Earth Magic
   736 | Sewer    | Reached skill level 3 in Conjurations
   956 | D:4      | Reached XP level 6. HP: 45/45 MP: 11/11
   956 | D:4      | Found Mofer's Book Shoppe.
   993 | D:4      | Noticed Pikel
   998 | D:4      | Killed Pikel
   999 | D:4      | Reached skill level 7 in Conjurations
   999 | D:4      | Reached XP level 7. HP: 50/50 MP: 9/12
   999 | D:4      | Reached XP level 8. HP: 57/57 MP: 9/13
  1042 | D:4      | Noticed Blork the orc
  1049 | D:4      | Killed Blork the orc
  1050 | D:4      | Reached skill level 1 in Fighting
  1050 | D:4      | Reached skill level 8 in Conjurations
  1077 | D:4      | Reached skill level 2 in Fighting
  1096 | D:5      | Entered Level 5 of the Dungeon
  1142 | D:4      | Reached skill level 3 in Fighting
  1211 | D:4      | Reached skill level 4 in Fighting
  1264 | D:5      | Noticed Sigmund
  1277 | D:5      | Killed Sigmund
  1278 | D:5      | Reached skill level 5 in Fighting
  1290 | D:5      | Reached skill level 6 in Fighting
  1290 | D:5      | Gained mutation: You passively map the area around you.
                  | [Meteoran growth]
  1290 | D:5      | Reached XP level 9. HP: 75/75 MP: 9/15
  1380 | D:5      | Found Maikh's Antique Armour Emporium.
  1405 | D:5      | Reached skill level 4 in Spellcasting
  1457 | D:5      | Reached skill level 7 in Fighting
  1482 | D:5      | Reached skill level 5 in Spellcasting
  1500 | D:5      | Found Galegod's Hydra Hut.
  1501 | D:5      | Noticed a six-headed hydra
  1504 | D:5      | Bought a +0 hand crossbow of freezing for 124 gold pieces
  1544 | D:6      | Reached skill level 1 in Ranged Weapons
  1567 | D:6      | Reached skill level 2 in Ranged Weapons
  1657 | D:6      | You fall into a shaft and drop 1 floor!
  1694 | D:6      | Reached skill level 6 in Spellcasting
  1758 | D:7      | Reached skill level 3 in Ranged Weapons
  1772 | D:7      | Reached skill level 8 in Fighting
  1827 | D:7      | Learned a level 1 spell: Apportation
  1850 | D:7      | Found a hide-covered altar of Uskayaw.
  1851 | D:7      | Found a sparkling altar of Nemelex Xobeh.
  1884 | D:7      | Noticed Maggie
  1890 | D:7      | Killed Maggie
  1891 | D:7      | Reached skill level 4 in Ranged Weapons
  1891 | D:7      | Reached XP level 10. HP: 90/90 MP: 14/20
  1896 | D:7      | Found a staircase to the Ecumenical Temple.
  1905 | Temple   | Entered the Ecumenical Temple
  1914 | Temple   | Became a worshipper of Sif Muna the Loreminder
  2028 | D:7      | Reached skill level 5 in Ranged Weapons
  2029 | D:7      | Reached skill level 9 in Fighting
  2199 | D:7      | Learned a level 2 spell: Passwall
  2310 | D:9      | Reached skill level 6 in Ranged Weapons
  2319 | D:9      | Reached skill level 10 in Fighting
  2344 | D:8      | Reached skill level 7 in Ranged Weapons
  2360 | D:8      | Reached * piety under Sif Muna
  2365 | D:8      | Noticed a two-headed ogre
  2449 | D:9      | Reached skill level 8 in Ranged Weapons
  2470 | D:9      | Reached XP level 11. HP: 89/99 MP: 19/21
  2488 | D:9      | Reached skill level 9 in Ranged Weapons
  2607 | D:10     | Entered Level 10 of the Dungeon
  2678 | D:11     | Reached skill level 10 in Ranged Weapons
  2842 | D:10     | Reached skill level 11 in Ranged Weapons
  2852 | D:10     | Reached ** piety under Sif Muna
  2955 | D:11     | Noticed a two-headed ogre
  3020 | D:11     | Reached skill level 12 in Ranged Weapons
  3067 | D:11     | Reached skill level 1 in Invocations
  3247 | D:11     | Killed a two-headed ogre
  3248 | D:11     | Reached skill level 2 in Invocations
  3423 | D:10     | Identified the +0 pair of gloves "Jerin" {rF+ rC+ MP+9}
  3442 | D:10     | Found a shadowy altar of Dithmenos.
  3449 | D:10     | Reached skill level 3 in Invocations
  3451 | D:10     | Reached XP level 12. HP: 106/106 MP: 22/22
  3501 | D:10     | Found a staircase to the Orcish Mines.
  3509 | D:10     | Reached *** piety under Sif Muna
  3516 | D:10     | Reached skill level 13 in Ranged Weapons
  3578 | D:10     | Reached skill level 4 in Invocations
  3870 | D:8      | Noticed Maurice
  3873 | D:8      | Reached skill level 5 in Invocations
  3891 | D:8      | Killed Maurice
  3938 | D:8      | Reached **** piety under Sif Muna
  4275 | D:8      | Found a snail-covered altar of Cheibriados.
  4377 | D:8      | Killed a two-headed ogre
  4378 | D:8      | Reached skill level 14 in Ranged Weapons
  4378 | D:8      | Reached skill level 6 in Invocations
  4421 | D:9      | Found a staircase to the Lair.
  4480 | Lair:1   | Entered Level 1 of the Lair of Beasts
  4520 | Lair:1   | Reached skill level 7 in Invocations
  4617 | Lair:3   | Reached skill level 15 in Ranged Weapons
  4617 | Lair:3   | Reached XP level 13. HP: 89/113 MP: 23/23
  4626 | Lair:3   | Noticed a four-headed hydra
  4643 | Lair:3   | Killed a four-headed hydra
  4644 | Lair:3   | Reached skill level 8 in Invocations
  4691 | Lair:3   | Found a hole to the Spider Nest.
  4737 | Lair:4   | Reached skill level 1 in Armour
  4787 | Lair:4   | Reached skill level 3 in Dodging
  4804 | Lair:4   | Reached ***** piety under Sif Muna
  4806 | Lair:4   | Reached skill level 2 in Armour
  4845 | Lair:4   | Reached skill level 9 in Invocations
  4845 | Lair:4   | Found a white marble altar of Elyvilon.
  4861 | Lair:4   | Identified the +2 lajatang of the Flying Sybil {flame,
                  | Int+2}
  4882 | Lair:4   | Reached skill level 4 in Dodging
  4939 | Lair:4   | Reached skill level 16 in Ranged Weapons
  4939 | Lair:4   | Reached skill level 3 in Armour
  4985 | Lair:4   | Found a frozen archway.
  4986 | Lair:4   | Noticed an ice dragon
  4998 | Lair:4   | Received a gift from Sif Muna
  4999 | Lair:4   | Got Sif Muna's Atlas of Bewitchment and the Storm {god
                  | gift}
  5030 | Lair:4   | HP: 11/113 [yak (8)]
  5130 | Lair:4   | Reached skill level 4 in Armour
  5135 | Lair:4   | Reached skill level 5 in Dodging
  5138 | IceCv    | Entered an ice cave
  5173 | IceCv    | Noticed a death yak
  5176 | IceCv    | Noticed a death yak
  5184 | IceCv    | Killed a death yak
  5187 | IceCv    | Killed a death yak
  5205 | IceCv    | Reached skill level 10 in Invocations
  5208 | IceCv    | Reached XP level 14. HP: 64/121 MP: 19/24
  5237 | IceCv    | Learned a level 3 spell: Portal Projectile
  5241 | IceCv    | Learned a level 3 spell: Inner Flame
  5316 | Lair:5   | Entered Level 5 of the Lair of Beasts
  5316 | Lair:5   | Noticed Sonja
  5358 | Lair:4   | Found a staircase to the Slime Pits.
  5360 | Lair:4   | Found a viscous altar of Jiyva.
  5361 | Lair:4   | Identified the +7 glaive of the Forging Gods {flame, rElec}
  5403 | Lair:4   | HP: 6/121 [seven-headed hydra (14)]
  5417 | Lair:4   | Reached skill level 5 in Armour
  5457 | Lair:4   | Reached skill level 6 in Dodging
  5491 | Lair:4   | Reached skill level 17 in Ranged Weapons
  5794 | Lair:5   | Killed Sonja
  5818 | Lair:5   | Reached skill level 6 in Armour
  5861 | Lair:5   | Identified the +1 robe of the Thirteen Friars {Dex+3
                  | Slay-6}
  6008 | Lair:5   | Reached skill level 7 in Dodging
  6011 | Lair:5   | Noticed a dire elephant
  6012 | Lair:5   | Noticed a dire elephant
  6079 | Lair:5   | Reached skill level 1 in Translocations
  6278 | Lair:5   | Reached skill level 2 in Translocations
  6342 | Lair:5   | Reached skill level 7 in Armour
  6360 | Lair:5   | Reached skill level 3 in Translocations
  6501 | Lair:5   | Reached skill level 18 in Ranged Weapons
  6501 | Lair:5   | Reached skill level 8 in Dodging
  6515 | Lair:5   | Reached skill level 4 in Translocations
  6690 | Lair:5   | Reached XP level 15. HP: 76/126 MP: 6/25
  6696 | Lair:5   | Received a gift from Sif Muna
  6697 | Lair:5   | Killed from afar by a necromancer

Vanquished Creatures
  4 hydras
  2 two-headed ogres
  6 death yaks
  Sonja (Lair:5)
  A spectral death yak (Lair:5)
  Pikel (D:4)
  A necromancer (Lair:5)
  Maurice (D:8)
  11 elephants
  3 black mambas (Lair:5)
  An ice statue (IceCv)
  Maggie (D:7)
  A gargoyle (D:11)
  9 cane toads
  A rime drake (IceCv)
  2 komodo dragons
  A troll (D:11)
  A hornet (D:8)
  12 polar bears
  11 blink frogs
  7 dream sheep (Lair:4)
  2 culicivoras (Lair:3)
  A slime creature (Lair:4)
  Sigmund (D:5)
  2 shadows
  A wraith (D:9)
  63 yaks
  3 wyverns
  2 unseen horror simulacra (D:9)
  A death yak simulacrum (Lair:5)
  3 basilisks
  4 wargs (D:10)
  14 water moccasins
  A black bear (D:5)
  3 ice beasts
  2 ogres (D:4)
  A sky beast (D:6)
  9 orc warriors
  2 elephant zombies (Lair:5)
  2 wolves
  An elephant skeleton (Lair:5)
  2 centaurs
  2 phantoms
  Blork the orc (D:4)
  4 kobold brigands
  4 bullfrogs
  2 scorpions
  8 wights
  3 elephant simulacra (Lair:5)
  23 killer bees
  5 electric eels
  A howler monkey (D:6)
  2 hounds
  5 jellies
  7 orc priests
  A gnoll bouda (D:8)
  Terence (D:2)
  Jessica (D:2)
  13 orc wizards
  4 iguanas
  A sleepcap (D:8)
  A mummy (D:8)
  6 gnolls
  9 adders
  3 river rats
  A shadow imp (D:5)
  7 white imps
  3 ufetubi
  2 worms
  A dart slug (D:3)
  58 orcs
  3 endoplasms
  2 hobgoblins
  3 jackals (D:1)
  2 quokkas (D:4)
  5 ball pythons
  2 bats
  5 frilled lizards (Sewer)
  2 goblins
  16 kobolds
  5 rats
422 creatures vanquished.

Table legend: (Time is in decaauts)
 A = Elapsed time spent in this place.
 B = Non-inter-level travel time spent in this place.
 C = Inter-level travel time spent in this place.
 D = Time resting spent in this place.
 E = Time spent auto-exploring this place.
 F = Levels seen in this place.
 G = Mean time per level.
                   A        B        C        D        E       F      G
               +--------+--------+--------+--------+--------+-----+--------+
         Total |   6839 |   6508 |    331 |     66 |     27 |  19 |  359.9 |
       Dungeon |   4295 |   4056 |    239 |     10 |      8 |  11 |  390.5 |
        Temple |     18 |     18 |      0 |      0 |      0 |   1 |   18.0 |
          Lair |   2111 |   2019 |     92 |     56 |     19 |   5 |  422.2 |
         Sewer |    269 |    269 |      0 |      0 |      0 |   1 |  269.0 |
      Ice Cave |    144 |    144 |      0 |      0 |      0 |   1 |  144.0 |
               +--------+--------+--------+--------+--------+-----+--------+

Top non-repeatable levels by time:
  Lair:4: 960 daAuts
  Lair:5: 893 daAuts
    D:10: 751 daAuts
     D:8: 633 daAuts
    D:11: 502 daAuts
     D:7: 480 daAuts
     D:9: 438 daAuts
     D:5: 305 daAuts
     D:4: 288 daAuts
   Sewer: 269 daAuts
     D:3: 253 daAuts
     D:2: 226 daAuts
     D:1: 224 daAuts
     D:6: 190 daAuts
   IceCv: 144 daAuts

Table legend:
 A = Non-vault XP
 B = Vault XP
 C = Vault XP percentage of total XP
 D = Non-vault monster count
 E = Vault monster count
 F = Vault count percentage of total count
                 A         B        C        D         E       F
            +---------+---------+-------+---------+---------+-------
      Total |   38596 |   23551 |  37.9 |     272 |     150 |  35.5
            +---------+---------+-------+---------+---------+-------
        D:1 |      13 |       0 |   0.0 |       8 |       0 |   0.0
        D:2 |      19 |      75 |  79.8 |       3 |       2 |  40.0
        D:3 |      13 |      16 |  55.2 |       4 |       4 |  50.0
        D:4 |     524 |     735 |  58.4 |      15 |       5 |  25.0
        D:5 |     570 |     226 |  28.4 |      21 |       1 |   4.5
        D:6 |     759 |       0 |   0.0 |      21 |       0 |   0.0
        D:7 |     675 |     415 |  38.1 |      14 |       1 |   6.7
        D:8 |    2548 |     521 |  17.0 |      28 |       2 |   6.7
        D:9 |    1829 |    3325 |  64.5 |      17 |      23 |  57.5
       D:10 |    3435 |    1737 |  33.6 |      27 |      44 |  62.0
       D:11 |    2722 |       0 |   0.0 |      26 |       0 |   0.0
     Lair:1 |    1370 |       0 |   0.0 |       6 |       0 |   0.0
     Lair:2 |     797 |       0 |   0.0 |       3 |       0 |   0.0
     Lair:3 |    2034 |     466 |  18.6 |       5 |       2 |  28.6
     Lair:4 |   11336 |    4044 |  26.3 |      46 |      18 |  28.1
     Lair:5 |    9952 |    7462 |  42.9 |      28 |      19 |  40.4
      Sewer |       0 |      81 | 100.0 |       0 |      16 | 100.0
      IceCv |       0 |    4448 | 100.0 |       0 |      13 | 100.0
            +---------+---------+-------+---------+---------+-------
